 Dungeon Crawl Stone Soup version 0.17.1-2-g5865329 (webtiles) character file.

839 Eucla the Covert (level 8, -4/46 HPs)
             Began as an Octopode Enchanter on Apr 9, 2016.
             Was a Follower of Vehumet.
             Killed from afar by Dowan (17 damage)
             ... with a shard of ice
             ... on level 5 of the Dungeon.
             The game lasted 00:07:22 (3668 turns).

Eucla the Covert (Octopode Enchanter)               Turns: 3668, Time: 00:07:22

Health: -4/46      AC:  1    Str:  7    XL:     8   Next: 0%
Magic:  6/11       EV: 12    Int: 19    God:    Vehumet [*.....]
Gold:   188        SH:  0    Dex: 13    Spells: 4 memorised, 2 levels left

rFire  + . .     SeeInvis +     i - +3 short sword (elec)
rCold  . . .     Clarity  .     (no shield)
rNeg   . . .     SustAt   .     (helmet restricted)
rPois  .         Gourm    .     (no amulet)
rElec  .         Spirit   .     o - ring of protection from fire
rCorr  .         Warding  .     D - ring of see invisible
rMut   .         Stasis   .     (no ring)
MR     .....                    (no ring)
Stlth  ++++++....               (no ring)
                                (no ring)
                                (no ring)
                                (no ring)

@: very slightly contaminated, not resistant to hostile enchantments, very
stealthy
A: almost no armour, amphibious, 8 rings, constrict 8, camouflage 1, gelatinous
body 1
a: Renounce Religion


You were on level 5 of the Dungeon.
You worshipped Vehumet.
Vehumet was aware of your devotion.
You were not hungry.

You visited 2 branches of the dungeon, and saw 6 of its levels.

You collected 188 gold pieces.

Inventory:

Hand Weapons
 a - a +1 dagger
 i - a +3 short sword of electrocution (weapon)
 l - a +2 dagger of speed
Magical Staves
 n - an uncursed staff of earth
Jewellery
 f - an uncursed amulet of resist corrosion
 o - a ring of protection from fire (left tentacle)
 r - an uncursed amulet of regeneration
 D - a ring of see invisible (right tentacle)
Wands
 u - a wand of disintegration (22)
 w - a wand of flame (24)
 x - a wand of polymorph (8)
Scrolls
 d - 4 scrolls of remove curse
 e - 3 scrolls of teleportation
 g - 2 scrolls of identify
 h - a scroll of random uselessness
 m - a scroll of fog
 s - 2 scrolls of enchant armour
Potions
 j - a potion of magic {unknown}
 k - a potion of lignification {unknown}
 q - a potion of heal wounds
 v - a potion of haste {unknown}
 z - 2 potions of poison {unknown}
 A - a potion of degeneration {unknown}
 E - a potion of flight {unknown}
 F - a potion of agility {unknown}
Books
 b - a book of Maledictions

   Spells                             Type                      Level
   a - Corona                         Hexes                        1
   b - Ensorcelled Hibernation        Hexes/Ice                    2
   c - Confuse                        Hexes                        3
   d - Tukima's Dance                 Hexes                        3
   e - Dazzling Spray                 Conjuration/Hexes            3
Comestibles
 c - 5 bread rations


   Skills:
 + Level 4.0 Short Blades
 - Level 2.0 Dodging
 * Level 9.6 Stealth
 - Level 2.0 Spellcasting
 + Level 5.4 Hexes


You had 2 spell levels left.
You knew the following spells:

 Your Spells              Type           Power        Failure   Level  Hunger
a - Ensorcelled Hibernat  Hex/Ice        ##....       10%         2    ###....
b - Corona                Hex            ###....      1%          1    #......
c - Tukima's Dance        Hex            ###.....     8%          3    ###....
d - Dazzling Spray        Conj/Hex       ##......     17%         3    ###....


Dungeon Overview and Level Annotations

Branches:
Dungeon (5/15)             Temple (1/1) D:4

Altars:
Ashenzari
Nemelex Xobeh
Okawaru
Trog
Vehumet

Annotations:
D:5 Dowan; rhysdieslots's ghost, novice DsFi


Innate Abilities, Weirdness & Mutations

You cannot wear most types of armour.
You are amphibious.
You can wear up to eight rings at the same time.
You can use your tentacles to constrict eight enemies at once.
Your skin changes colour to match your surroundings (Stealth).
Your rubbery body absorbs attacks (AC +1).


Message History

Duvessa hits you with a short sword!
* * * LOW HITPOINT WARNING * * *
Unknown command.
You hit Duvessa.
There is a sudden explosion of sparks!
You kill Duvessa!
Vehumet accepts your kill.
Dowan screams, "No!
No!"
Dowan seems to find hidden reserves of power!
Your Short Blades skill increases to level 4!
You have reached level 8!
Unknown command.
Casting: Ensorcelled Hibernation
Confirm with . or Enter, or press ? or * to list all spells.
Aiming: Ensorcelled Hibernation
Press: ? - help, Shift-Dir - straight line, f - Dowan
Aim: Dowan, wielding a dagger and wearing a robe (fast, chance to defeat MR: 43%) Dowan resists with some effort.
Dowan points at you and mumbles some strange words.
The shard of ice hits you!
You die...

## #># ##### #..
.... ## #.###.##
# #.# ##...).#.#
#.###.#.@)e..#...
#.#....[........
#..#.#......#...
#..#........# #
#..#####..###
#.....###.#
##.###.###.#
#........#.#
#..###.#.#.#


You could see Dowan.

Vanquished Creatures
  Grinder (D:5)
  Duvessa (D:5)
  An ogre (D:4)
  3 scorpions
  A water moccasin skeleton (D:4)
  2 orc wizards
  A hound (D:5)
  2 worker ants (D:3)
  A hound skeleton (D:5)
  2 adders
  An adder skeleton (D:4)
  2 worms
  3 giant geckos
  8 orcs
  6 bats
  4 giant cockroaches
  10 goblins
  5 hobgoblins
  2 quokkas
  A ball python (D:4)
  8 giant newts
  A jackal skeleton (D:4)
  6 kobolds
  8 rats
80 creatures vanquished.

Notes
Turn   | Place    | Note
--------------------------------------------------------------
     0 | D:1      | Eucla the Octopode Enchanter began the quest for the Orb.
     0 | D:1      | Reached XP level 1. HP: 11/11 MP: 3/3
   239 | D:1      | Reached XP level 2. HP: 17/17 MP: 5/5
   247 | D:1      | Learned a level 2 spell: Ensorcelled Hibernation
   874 | D:2      | Reached XP level 3. HP: 21/21 MP: 6/6
   990 | D:2      | Found a faded altar to an unknown god.
  1012 | D:2      | Found a shattered altar of Ashenzari.
  1236 | D:2      | Reached skill level 5 in Stealth
  1247 | D:2      | Learned a level 3 spell: Tukima's Dance
  1653 | D:3      | Reached XP level 4. HP: 27/27 MP: 7/7
  1996 | D:3      | Noticed a scorpion
  2000 | D:3      | Killed a scorpion
  2000 | D:3      | Reached skill level 6 in Stealth
  2000 | D:3      | Reached XP level 5. HP: 24/31 MP: 8/8
  2386 | D:4      | Found a staircase to the Ecumenical Temple.
  2400 | Temple   | Entered the Ecumenical Temple
  2421 | Temple   | Became a worshipper of Vehumet
  2496 | D:4      | Reached skill level 7 in Stealth
  2496 | D:4      | Reached XP level 6. HP: 19/36 MP: 9/9
  2509 | D:4      | Found a sparkling altar of Nemelex Xobeh.
  2605 | D:4      | Noticed an ogre
  2612 | D:4      | Killed an ogre
  2787 | D:4      | Reached skill level 8 in Stealth
  2951 | D:4      | Learned a level 3 spell: Dazzling Spray
  2959 | D:4      | Reached XP level 7. HP: 30/41 MP: 3/10
  3352 | D:5      | Entered Level 5 of the Dungeon
  3415 | D:5      | Found an iron altar of Okawaru.
  3432 | D:5      | Noticed Grinder
  3437 | D:5      | Killed Grinder
  3437 | D:5      | Reached skill level 9 in Stealth
  3437 | D:5      | Reached skill level 5 in Hexes
  3503 | D:5      | Found a bloodstained altar of Trog.
  3527 | D:5      | Reached * piety under Vehumet
  3527 | D:5      | Offered knowledge of Shock by Vehumet.
  3528 | D:5      | Noticed rhysdieslots's ghost (novice DsFi)
  3658 | D:5      | Noticed Duvessa
  3664 | D:5      | Noticed Dowan
  3667 | D:5      | Killed Duvessa
  3667 | D:5      | Reached XP level 8. HP: 13/46 MP: 8/11
  3668 | D:5      | Killed from afar by Dowan

Action                   |  1- 3 |  4- 6 |  7- 9 || total
-------------------------+-------+-------+-------++-------
Melee: Dagger            |    77 |    71 |     6 ||   154
       Short sword       |       |       |    15 ||    15
 Cast: Ensorcelled Hiber |     1 |     8 |     2 ||    11
       Corona            |       |     1 |     1 ||     2
       Dazzling Spray    |       |       |     2 ||     2
  Use: Potion            |       |     1 |       ||     1
       Scroll            |       |       |    13 ||    13
 Stab: Sleeping          |    23 |    12 |     7 ||    42
  Eat: Chunk             |     2 |     2 |       ||     4
       Fruit             |       |     9 |       ||     9
       Beef jerky        |       |     1 |       ||     1
